 Dungeon Crawl Stone Soup version 0.29.1-12-g30fa7ad0bf (webtiles) character file.

Game seed: 6274323947374503617

296 wormed the Cudgeller (level 6, 0/53 HPs)
             Began as a Ghoul Monk on Dec 24, 2022.
             Slain by a goblin
             ... wielding a +0 club
             ... led by Robin
              (1 damage)
             ... on level 4 of the Dungeon.
             The game lasted 00:07:04 (3935 turns).

wormed the Cudgeller (Ghoul Monk)                   Turns: 3935, Time: 00:07:06

Health: 0/53       AC:  6    Str: 17    XL:     6   Next: 34%
Magic:  5/5        EV: 12    Int:  5    God:
Gold:   187        SH:  0    Dex: 17    Spells: 5/5 levels left

rFire   . . .      SeeInvis .   d - +0 whip
rCold   + . .      Faith    .   (no shield)
rNeg    + + +      Spirit   .   l - +1 ring mail
rPois   ∞          Reflect  .   (no helmet)
rElec   .          Harm     .   (no cloak)
rCorr   .          Rampage  .   (no gloves)
Will    .....                   (no boots)
Stlth   ++........              (no amulet)
HPRegen 0.00/turn               b - +6 ring of dexterity
MPRegen 0.09/turn               p - ring of flight

@: flying, inhibited regen
A: claws 1, cold resistance 1, negative energy resistance 3, inhibited
regeneration, torment resistance 2, devour on kill
a: no special abilities


You were on level 4 of the Dungeon.
You visited 1 branch of the dungeon, and saw 4 of its levels.

You collected 187 gold pieces.

Inventory:

Hand Weapons
 d - a +0 whip (weapon)
Armour
 l - a +1 ring mail (worn)
Jewellery
 a - a +4 ring of evasion
 b - a +6 ring of dexterity (left claw)
 p - a ring of flight (right claw)
Scrolls
 i - a scroll of vulnerability
 k - 2 scrolls of enchant weapon {unknown}
 m - a scroll of blinking {unknown}
 n - 2 scrolls of teleportation {unknown}
 s - a scroll of magic mapping {unknown}
Potions
 c - 2 potions of ambrosia
 e - a potion of might {unknown}
 t - 3 potions of curing {unknown}
 u - a potion of degeneration {unknown}


   Skills:
 + Level 4.4 Fighting
 * Level 4.4 Maces & Flails
 + Level 2.2 Armour
 + Level 3.6 Dodging
 - Level 2.1 Stealth


You had 5 spell levels left.
You didn't know any spells.
Your spell library contained the following spells:

 Spells                   Type           Power      Damage    Failure   Level
 Shock                    Conj/Air       0%         1d3       67%         1
 Swiftness                Air            0%         N/A       96%         3
 Airstrike                Air            0%         2d(0-16)  100%        4
 Summon Hydra             Summ           0%         N/A       100%        7
 Chain Lightning          Conj/Air       0%         N/A       100%        9
 Fire Storm               Conj/Fire      0%         5d1       100%        9
 Shatter                  Erth           0%         3d5*      100%        9
 Sublimation of Blood     Necr           Unusable   N/A       N/A         2
 Wereblood                Tmut           Unusable   N/A       N/A         2

Dungeon Overview and Level Annotations

Branches:
Dungeon (4/15)
 Temple: D:4-7

Altars:
Qazlal

Shops:
D:1 !   D:4 (

Annotations:
D:4 Robin


Innate Abilities, Weirdness & Mutations

You are immune to poison.
You have sharp fingernails.
Your flesh is cold resistant. (rC+)
You are immune to negative energy. (rN+++)
You do not regenerate when monsters are visible.
You are immune to unholy pain and torment.
You thrive by killing the living.


Message History

You kill your butterfly!
Your butterfly disappears in a burst of colours!
Your butterfly is engulfed in poison gas.
Your butterfly is poisoned.
You kill your butterfly!
Your butterfly disappears in a burst of colours!
The hobgoblin closely misses you. The goblin hits you but does no damage.
Robin roars a battlecry!
The goblins go into a battle-frenzy!
The goblin misses you. The hobgoblin barely misses you.
The goblin closely misses you. The goblin misses you.
Your butterfly is engulfed in poison gas.
Your butterfly looks even sicker.
You kill your butterfly!
Your butterfly disappears in a burst of colours!
Your butterfly is engulfed in poison gas.
Your butterfly looks even sicker.
You kill your butterfly!
Your butterfly disappears in a burst of colours!
Your butterfly looks even sicker.
The goblin closely misses you.
As you read the scroll labelled YKLA VETUTOTU, it crumbles to dust.
It is a scroll of identify.
i - a scroll of vulnerability You kill your butterfly!
Your butterfly disappears in a burst of colours!
The hobgoblin barely misses you. The goblin barely misses you. x2
The goblin closely misses you. The goblin hits you with a +0 dagger.
* * * LOW HITPOINT WARNING * * *
The hobgoblin hits you.
* * * LOW HITPOINT WARNING * * *
The goblin hits you but does no damage.
As you read the scroll labelled ZYHERO ZEICLASSEBE, it crumbles to dust.
The creatures around you are filled with an inner flame!
It was a scroll of immolation.
Robin barely misses you. The hobgoblin hits you.
* * * LOW HITPOINT WARNING * * *
The goblin hits you with a +0 club.
* * * LOW HITPOINT WARNING * * *
The goblin barely misses you. The goblin hits you with a +0 club.
You die...

#.#..#........∩...........
#.#..#..§§§§§§§§§.........
#.#..#..§§§§§§§§§.........
#.#..#§.§§§§§§§§§.......
#.#..#§##§8§§§§§§......
...#§§§§§§§§§§§....P
#####§##§§g§§§§§§§....P
#<..#§§§§gggg§§§§§....P
###.#§§§§g@g§§§§§§
#...#§§§§g#g§§§§§§
##.##§§§§§#§§§§§§§
#.##§§§§§#§§§§#§§
#.##§########## # #.##.#
#.##.####### #.##.......#
##.########.#


You could see Robin (inner flame), 2 hobgoblins and 6 goblins.

Vanquished Creatures
  A scorpion (D:4)
  A jelly (D:4)
  Ijyb (D:3)
  Terence (D:3)
  7 adders
  2 worms
  5 dart slugs
  An orc (D:3)
  A ball python (D:3)
  4 bats
  8 endoplasms
  6 giant cockroaches
  10 goblins
  14 hobgoblins
  8 kobolds
  2 quokkas (D:1)
  6 frilled lizards
  5 rats
83 creatures vanquished.

Vanquished Creatures (others)
  4 fungi (D:4)
4 creatures vanquished.

Grand Total: 87 creatures vanquished

Notes
Turn   | Place    | Note
-------+----------+-------------------------------------------
     0 | D:1      | wormed the Ghoul Monk began the quest for the Orb.
     0 | D:1      | Reached XP level 1. HP: 19/19 MP: 0/0
   103 | D:1      | Found a faded altar of an unknown god.
   108 | D:1      | Reached XP level 2. HP: 19/26 MP: 1/1
   531 | D:1      | Found Ukkaugeh's Distillery.
   768 | D:1      | Reached XP level 3. HP: 25/31 MP: 2/2
  1440 | D:2      | Found a stormy altar of Qazlal.
  1460 | D:2      | Reached skill level 1 in Armour
  1673 | D:2      | Reached XP level 4. HP: 38/40 MP: 3/3
  2204 | D:3      | Noticed Terence
  2280 | D:3      | Noticed Ijyb
  2299 | D:3      | Paralysed by Ijyb for 4 turns
  2316 | D:3      | Paralysed by Ijyb for 2 turns
  2319 | D:3      | Paralysed by Ijyb for 5 turns
  2326 | D:3      | Paralysed by Ijyb for 3 turns
  2340 | D:3      | Paralysed by Ijyb for 2 turns
  2346 | D:3      | Paralysed by Ijyb for 4 turns
  2375 | D:3      | Killed Ijyb
  2713 | D:3      | Found a stormy altar of Qazlal.
  2751 | D:3      | HP: 2/40 [Terence/+0 hand axe (4)]
  2766 | D:3      | Killed Terence
  2767 | D:3      | Reached XP level 5. HP: 25/46 MP: 4/4
  3536 | D:4      | Found Zes Viocs's Antique Weapon Boutique.
  3805 | D:4      | Reached XP level 6. HP: 43/52 MP: 5/5
  3829 | D:4      | Noticed Robin
  3935 | D:4      | HP: 2/53 [hobgoblin[Robin] (4)]
  3935 | D:4      | Slain by a goblin

Illustrated notes

Levels and vault maps discovered:
D:1:      psy_arrival_spokes, layout_loops_ring, serial_shops, shop,
          hellmonk_ecumenical_altar_arch_garden
D:2:      layout_loops_cross, basic_altar, item_on_display_a
D:3:      layout_loops_ring, lemuel_doored_altar, uniq_ijyb, uniq_terence
D:4:      layout_basic, mainiacjoe_overflow_catwalk_spiral,
          mainiacjoe_overflow_cross_hatched, serial_shops,
          nicolae_stop_n_shop_1, gup_sewer_entry_pipe, uniq_robin

Skill      XL: |  1  2  3  4  5 |
---------------+----------------+-----
Maces & Flails | 3 4 |  4.4
Dodging        | 3 |  3.6
Armour         | 1 2 |  2.2
Fighting       | 4 |  4.4
Stealth        | |  2.1

Action                   |  1- 3 |  4- 6 || total
-------------------------+-------+-------++-------
Melee: Whip              |   176 |   261 ||   437
       Punch             |     1 |     3 ||     4
  Use: Potion            |       |     4 ||     4
       Scroll            |       |     5 ||     5
 Stab: Sleeping          |     4 |     6 ||    10
       Invisible         |       |     1 ||     1
Armor: Robe              |    20 |       ||    20
       Ring mail         |    18 |    84 ||   102
Dodge: Dodged            |   114 |   195 ||   309
